 Dungeon Crawl Stone Soup version 0.21.1-1-g345015f (webtiles) character file.

649 VLARC the Poker (level 7, -8/61 HPs)
             Began as a White Draconian Gladiator on Mar 4, 2018.
             Mangled by a wyvern (15 damage)
             ... on level 4 of the Dungeon.
             The game lasted 00:07:55 (3610 turns).

VLARC the Poker (White Draconian Gladiator)         Turns: 3610, Time: 00:07:56

Health: -8/61      AC:  8    Str: 18    XL:     7   Next: 28%
Magic:  7/7        EV: 13    Int:  8    God:
Gold:   80         SH:  0    Dex: 13    Spells: 6/6 levels left

rFire    . . .     SeeInvis .   a - +0 trident
rCold    + . .     Gourm    .   (no shield)
rNeg     + . .     Faith    .   (armour unavailable)
rPois    +         Spirit   .   h - +2 hat
rElec    .         Reflect  .   (no cloak)
rCorr    .         Harm     .   (no gloves)
MR       .....                  (no boots)
Stlth    +.........             (no amulet)
HPRegen  0.20/turn              l - ring of poison resistance
MPRegen  0.10/turn              t - ring of positive energy

@: short of breath
A: breathe frost, unfitting armour, cold resistance 1, cold-blooded, AC +6
a: Breathe Frost


You were on level 4 of the Dungeon.
You were not hungry.

You visited 1 branch of the dungeon, and saw 4 of its levels.
You also visited: Ossuary.

You collected 80 gold pieces.

Inventory:

Hand Weapons
 a - a +0 trident (weapon)
 b - a +0 hunting sling
Missiles
 c - 3 throwing nets (quivered)
 e - 89 stones
 f - 53 arrows
 v - 23 sling bullets
Armour
 h - a +2 hat (worn)
 r - a +0 hat
Jewellery
 i - a cursed ring of teleportation {unknown}
 l - a ring of poison resistance (left hand)
 o - a +4 amulet of reflection {unknown}
 t - a ring of positive energy (right hand)
 u - a +5 ring of strength {unknown}
Wands
 p - a wand of random effects (34)
 y - a wand of digging (13)
Scrolls
 j - 3 scrolls of remove curse
 m - 3 scrolls of identify {unknown}
 q - a scroll of enchant armour {unknown}
 s - a scroll of blinking {unknown}
 z - 3 scrolls of teleportation {unknown}
 A - a scroll of summoning {unknown}
 C - a scroll of fog {unknown}
Potions
 g - 7 potions of curing
 k - a potion of ambrosia {unknown}
 n - 6 potions of heal wounds {unknown}
 w - 2 potions of might {unknown}
 x - 2 potions of berserk rage {unknown}
 B - a potion of degeneration {unknown}
 D - a potion of haste {unknown}
Books
 F - a book of Changes

   Spells                             Type                      Level
   a - Beastly Appendage              Transmutation                1
   b - Sticks to Snakes               Transmutation                2
   c - Spider Form                    Transmutation/Poison         3
   d - Ice Form                       Ice/Transmutation            4
   e - Blade Hands                    Transmutation                5
 G - a book of Frost

   Spells                             Type                      Level
   a - Freeze                         Ice                          1
   b - Throw Frost                    Conjuration/Ice              2
   c - Ozocubu's Armour               Charms/Ice                   3
   d - Throw Icicle                   Conjuration/Ice              4
   e - Summon Ice Beast               Ice/Summoning                4
Comestibles
 d - 7 rations
 E - 6 chunks of flesh


   Skills:
 - Level 5.0 Fighting
 + Level 7.4 Polearms
 - Level 1.7 Throwing
 - Level 2.6 Dodging


You had 6 spell levels left.
You didn't know any spells.

Dungeon Overview and Level Annotations

Branches:
Dungeon (4/15)
 Temple: D:4-7

Altars:
Dithmenos
Uskayaw

Annotations:
D:4 Grinder


Innate Abilities, Weirdness & Mutations

You can breathe waves of freezing cold.
You can buffet flying creatures when you breathe cold.
Your icy white scales are hard. (AC +6)
You cannot fit into any form of body armour.
Your flesh is cold resistant. (rC+)
You are cold-blooded and may be slowed by cold attacks.


Message History

The wyvern completely misses you.
You closely miss the wyvern.
The wyvern is almost dead.
The wyvern barely misses you.
Grinder blinks!
The wyvern completely misses you.
You closely miss the wyvern.
Your tail-slap misses the wyvern.
The wyvern is almost dead.
The wyvern bites you!! Grinder gestures at you. Pain shoots through your body!
* * * LOW HITPOINT WARNING * * *
Unknown command.
Okay, then.
It was a potion of curing.
You feel better. The wyvern bites you!
* * * LOW HITPOINT WARNING * * *
Grinder gestures at you. You resist with significant effort.
As you read the scroll labeled NEYRGH BIUMPE, it crumbles to dust.
You feel blessed for a moment.
It was a scroll of remove curse.
The wyvern bites you!
You die...

*.#.####.####.#.## *,***,*
*,#,,,*#.# #....## *,* *,**
,,,,,,,..# ##)....## *,***,,,
*****,##.# #....$..# *,,,**** *
*,*#.# #.......# ***,* *
*,*#.###(.....(# *,* *
*,*#...(.......#####****,**** *
*,*####(#....?(.....,,,,,,,,, *
*,,...(.....@.?(....,,,,,,,,, *
***###.5####l###...#,**,,**** *
*,....#8,,#a..8#.##,**,,*
******,###.*,,,.#...#,#*,**,,*
,,,,,,,* #.*,,.#,...#,**,**,,*
******** *,**.#,*.#.+,**,**,,****
***** *,+.#,*,#.##,**,**,,,,,,
*,,,******,#.,,,*,.,*,,*,**,*****
*,,,,,,,,,,#,,,*,,..*,,,,**,*


You could see Grinder, a wyvern and a worker ant.

Vanquished Creatures
  An ogre (D:4)
  A bullfrog (D:4)
  3 water moccasin zombies (Ossuary)
  A worker ant (D:4)
  5 big kobold zombies (Ossuary)
  3 mummies
  7 adders
  4 adder zombies (Ossuary)
  2 worms (D:2)
  5 dart slugs
  9 bats
  4 giant cockroaches
  3 gnoll zombies (Ossuary)
  7 goblins
  4 hobgoblins
  10 jackals
  9 kobolds
  3 quokkas
  3 ball pythons
  4 frilled lizards
  A goblin zombie (D:4)
  6 hobgoblin zombies
  3 kobold zombies (Ossuary)
  5 orc zombies (Ossuary)
  4 rats
107 creatures vanquished.

Notes
Turn   | Place    | Note
-------+----------+-------------------------------------------
     0 | D:1      | VLARC the Draconian Gladiator began the quest for the Orb.
     0 | D:1      | Reached XP level 1. HP: 17/17 MP: 1/1
   148 | D:1      | Reached XP level 2. HP: 25/25 MP: 2/2
   683 | D:1      | Reached XP level 3. HP: 31/31 MP: 3/3
   951 | D:2      | Found a shadowy altar of Dithmenos.
  1040 | D:2      | Reached skill level 4 in Polearms
  1284 | D:2      | Reached XP level 4. HP: 36/40 MP: 4/4
  2327 | D:3      | Reached XP level 5. HP: 45/47 MP: 5/5
  2455 | D:4      | Found a hide-covered altar of Uskayaw.
  2529 | D:4      | Found a sand-covered staircase.
  2539 | D:4      | Reached skill level 5 in Polearms
  2542 | Ossuary  | Entered an ossuary
  2730 | Ossuary  | Reached skill level 5 in Fighting
  2759 | Ossuary  | Reached XP level 6. HP: 44/56 MP: 6/6
  2857 | Ossuary  | Reached skill level 6 in Polearms
  3147 | Ossuary  | Your scales start taking on an icy white colour.
  3147 | Ossuary  | Reached XP level 7. HP: 61/61 MP: 7/7
  3147 | Ossuary  | Gained mutation: Your flesh is cold resistant. (rC+) [White Draconian growth]
  3267 | D:4      | Reached skill level 7 in Polearms
  3595 | D:4      | Noticed Grinder
  3596 | D:4      | Noticed a wyvern
  3610 | D:4      | Mangled by a wyvern

Skill      XL: |  1  2  3  4  5  6  7 |
---------------+----------------------+-----
Fighting       | 3 4 5 |  5.0
Polearms       | 4 5 6 7 |  7.4
Throwing       | |  1.7
Dodging        | |  2.6

Action                   |  1- 3 |  4- 6 |  7- 9 || total
-------------------------+-------+-------+-------++-------
Melee: Trident           |   124 |   202 |    23 ||   349
       Tailslap          |    16 |    33 |     2 ||    51
 Fire: Hunting sling     |       |   100 |    30 ||   130
 Abil: Breathe Frost     |       |       |     2 ||     2
  Use: Scroll            |       |     1 |     1 ||     2
       Potion            |       |       |     1 ||     1
 Stab: Sleeping          |     2 |       |       ||     2
  Eat: Chunk             |     1 |     5 |     3 ||     9
Armor: Skin              |    40 |    59 |     8 ||   107
Dodge: Dodged            |   115 |   116 |    15 ||   246
